 Dungeon Crawl Stone Soup version 0.23.2-40-g277498a001 (webtiles) character file.

Game seed: 1297058588882314972

426 Dexcius the Chopper (level 6, -16/53 HPs)
             Began as a Draconian Berserker on Aug 26, 2019.
             Was a Priest of Trog.
             Demolished by an ogre
             ... wielding a +0 giant club
              (18 damage)
             ... on level 4 of the Dungeon.
             The game lasted 00:10:40 (3248 turns).

Dexcius the Chopper (Draconian Berserker)           Turns: 3248, Time: 00:10:41

Health: -16/53     AC:  6    Str: 21    XL:     6   Next: 64%
Magic:  6/6        EV: 16    Int:  7    God:    Trog [***...]
Gold:   136        SH:  0    Dex: 11    Spells: 5/5 levels left

rFire    . . .     SeeInvis .   a - +0 hand axe
rCold    . . .     Gourm    .   (no shield)
rNeg     . . .     Faith    .   (armour unavailable)
rPois    .         Spirit   .   (helmet restricted)
rElec    .         Reflect  .   (no cloak)
rCorr    .         Harm     .   (no gloves)
MR       .....                  (no boots)
Stlth    ++........             (no amulet)
HPRegen  0.17/turn              e - +3 ring of evasion
MPRegen  0.10/turn              (no ring)

@: no status effects
A: unfitting armour, cold-blooded, AC +6
a: Berserk, Trog's Hand, Renounce Religion


You were on level 4 of the Dungeon.
You worshipped Trog.
Trog was most pleased with you.
You were hungry.

You visited 1 branch of the dungeon, and saw 4 of its levels.

You collected 136 gold pieces.

Inventory:

Hand Weapons
 a - a +0 hand axe (weapon)
Jewellery
 e - a +3 ring of evasion (left hand)
 l - an uncursed amulet of the acrobat {unknown}
 p - a +4 ring of dexterity {unknown}
Wands
 h - a wand of clouds (2)
 i - a wand of random effects (13)
Scrolls
 k - a scroll of enchant armour
Potions
 b - a potion of invisibility {unknown}
 c - a potion of agility {unknown}
 d - a potion of heal wounds
 f - a potion of curing {unknown}
 g - 3 potions of lignification {unknown}
 j - 2 potions of brilliance {unknown}
 o - 2 potions of flight {unknown}


   Skills:
 + Level 4.7 Fighting
 + Level 5.6 Axes
 + Level 4.0 Dodging
 + Level 1.4 Stealth


You had 5 spell levels left.
You didn't know any spells.
Your spell library was empty.

Dungeon Overview and Level Annotations

Branches:
Dungeon (4/15)
 Temple: D:4-7

Altars:
Nemelex Xobeh
Qazlal

Shops:
D:4 =


Innate Abilities, Weirdness & Mutations

Your plain brown scales are hard. (AC +6)
You cannot fit into any form of body armour.
You are cold-blooded and may be slowed by cold attacks.


Message History

You hit the ogre but do no damage.
You tail-slap the ogre, but do no damage.
The ogre is lightly wounded.
The ogre closely misses you.
You hit the ogre.
The ogre is moderately wounded.
The ogre hits you with a +0 giant club!
You hit the ogre but do no damage. You tail-slap the ogre.
The ogre is moderately wounded.
The ogre completely misses you.
You hit the ogre but do no damage.
The ogre is moderately wounded.
You hit the ogre.
The ogre is heavily wounded.
The ogre hits you with a +0 giant club!!
* * * LOW HITPOINT WARNING * * *
You hit the ogre.
Your tail-slap misses the ogre.
The ogre is heavily wounded.
The ogre hits you with a +0 giant club!!
You die...

#....# #...#
####.# #....
######.# #...#
#..†.).# ##..##
#.##............
#.###.###.#...##
#.# #.##.###..##
###.#####.###...##
##...
......O@.........#
#....
#########.........
.#.## #####.#.## #
## # . #. ### #.
..#######.
#.#.......
#.#.######


You could see an ogre.

Vanquished Creatures
  Sigmund (D:2)
  A scorpion (D:4)
  An iguana (D:4)
  An orc wizard (D:4)
  A worker ant (D:3)
  Robin (D:2)
  2 adders
  2 oozes
  An adder skeleton (D:4)
  2 worms (D:3)
  2 dart slugs (D:1)
  A leopard gecko (D:4)
  5 orcs
  7 giant cockroaches
  20 goblins
  7 hobgoblins
  2 jackals (D:1)
  9 kobolds
  A quokka (D:4)
  A ball python (D:2)
  6 bats
  3 frilled lizards
  10 rats
87 creatures vanquished.

Notes
Turn   | Place    | Note
-------+----------+-------------------------------------------
     0 | D:1      | Dexcius the Draconian Berserker began the quest for the
                  | Orb.
     0 | D:1      | Reached XP level 1. HP: 19/19 MP: 1/1
   290 | D:1      | Reached XP level 2. HP: 26/26 MP: 2/2
   597 | D:1      | Reached ** piety under Trog
   693 | D:1      | Reached XP level 3. HP: 33/33 MP: 3/3
   908 | D:2      | Noticed Robin
   922 | D:2      | Killed Robin
  1331 | D:2      | Noticed Sigmund
  1339 | D:2      | Killed Sigmund
  1339 | D:2      | Reached skill level 4 in Axes
  1339 | D:2      | Reached XP level 4. HP: 41/41 MP: 4/4
  1339 | D:2      | Reached XP level 5. HP: 47/47 MP: 5/5
  1962 | D:3      | Reached skill level 5 in Axes
  1962 | D:3      | Reached skill level 1 in Stealth
  1976 | D:3      | Found a sparkling altar of Nemelex Xobeh.
  1978 | D:3      | Found a stormy altar of Qazlal.
  2233 | D:3      | Reached *** piety under Trog
  2426 | D:3      | Reached XP level 6. HP: 45/53 MP: 6/6
  2871 | D:4      | HP: 2/53 [something (2)]
  3161 | D:4      | Found Duost's Jewellery Shoppe.
  3247 | D:4      | HP: 2/53 [ogre/+0 giant club (18)]
  3248 | D:4      | Demolished by an ogre

Skill      XL: |  1  2  3  4  5  6 |
---------------+-------------------+-----
Dodging        | 3 4 |  4.0
Fighting       | 4 |  4.7
Axes           | 4 5 |  5.6
Stealth        | 1 |  1.4

Action                   |  1- 3 |  4- 6 || total
-------------------------+-------+-------++-------
Melee: Hand axe          |    98 |   195 ||   293
       Tailslap          |     7 |    25 ||    32
Invok: Berserk           |     2 |     1 ||     3
  Use: Scroll            |       |     5 ||     5
       Potion            |       |     1 ||     1
 Stab: Sleeping          |       |     4 ||     4
  Eat: Ration            |     1 |     1 ||     2
       Chunk             |       |     3 ||     3
Armor: Skin              |    30 |    35 ||    65
Dodge: Dodged            |    97 |   126 ||   223
